 Dungeon Crawl Stone Soup version 0.20.0-10-g0535bb4 (webtiles) character file.

291 Inarius the Gusty (level 6, -2/45 HPs)
             Began as a Draconian Air Elementalist on June 6, 2017.
             Slain by an orc warrior
             ... wielding a +0 trident
              (5 damage)
             ... on level 2 of the Dungeon.
             The game lasted 00:16:03 (3781 turns).

Inarius the Gusty (Draconian Air Elementalist)      Turns: 3781, Time: 00:16:03

Health: -2/45      AC:  6    Str: 10    XL:     6   Next: 10%
Magic:  0/10       EV: 12    Int: 18    God:
Gold:   139        SH:  4    Dex: 11    Spells: 5/11 levels left

rFire    . . .     SeeInvis .   x - +0 long sword
rCold    . . .     Gourm    .   (no shield)
rNeg     . . .     Faith    .   (armour unavailable)
rPois    .         Spirit   .   (helmet restricted)
rElec    .         Reflect  +   (no cloak)
rCorr    .         Harm     .   (no gloves)
MR       .....                  (no boots)
Stlth    ++........             e - +4 amulet of reflection
Regen    0.2/turn               (no ring)
MPRegen  0.2/turn               (no ring)

@: very slightly contaminated
A: unfitting armour, cold-blooded, AC +6
a: no special abilities


You were on level 2 of the Dungeon.
You were not hungry.

You visited 1 branch of the dungeon, and saw 4 of its levels.

You collected 139 gold pieces.

Inventory:

Hand Weapons
 g - a +2 dagger of venom
 x - a +0 long sword (weapon)
Armour
 n - a +0 buckler
 r - a scarf of spirit shield
Jewellery
 e - a +4 amulet of reflection (around neck)
Scrolls
 c - 2 scrolls of teleportation {unknown}
 f - a scroll of random uselessness {unknown}
 h - a scroll of recharging {unknown}
 k - a scroll of enchant armour {unknown}
 m - a scroll of blinking {unknown}
 o - a scroll of identify {unknown}
 s - 2 scrolls of remove curse {unknown}
 t - a scroll of noise {unknown}
 u - a scroll of enchant weapon {unknown}
 w - a scroll of fear {unknown}
Potions
 d - a potion of resistance {unknown}
 i - 3 potions of invisibility {unknown}
 l - 2 potions of heal wounds {unknown}
 p - 2 potions of flight {unknown}
Books
 a - a book of Air

   Spells                             Type                      Level
   a - Shock                          Conjuration/Air              1
   b - Swiftness                      Charms/Air                   2
   c - Static Discharge               Conjuration/Air              3
   d - Airstrike                      Air                          4
   e - Lightning Bolt                 Conjuration/Air              5
Comestibles
 b - a bread ration
 j - 3 fruits
 q - 2 royal jellies
 v - a chunk of flesh


   Skills:
 + Level 0.2 Fighting
 * Level 2.7 Dodging
 - Level 1.8 Stealth
 * Level 1.8 Shields
 + Level 3.0 Spellcasting
 * Level 3.3 Conjurations
 * Level 1.0 Charms
 + Level 3.9 Air Magic


You had 5 spell levels left.
You knew the following spells:

 Your Spells              Type           Power        Failure   Level  Hunger
a - Shock                 Conj/Air       ###.         3%          1    None
b - Swiftness             Chrm/Air       ##......     9%          2    ##.....
c - Static Discharge      Conj/Air       ###.....     11%         3    ###....


Dungeon Overview and Level Annotations

Branches:
Dungeon (4/15)
 Temple: D:4-7

Altars:
Dithmenos
The Shining One

Annotations:
D:3 Sigmund
D:4 Nattefrost's ghost, amateur DsGl; Pikel


Innate Abilities, Weirdness & Mutations

Your plain brown scales are hard. (AC +6)
You cannot fit into any form of body armour.
You are cold-blooded and may be slowed by cold attacks.


Message History

Casting: Static Discharge
Confirm with . or Enter, or press ? or * to list all spells.
Aiming: Shock
Press: ? - help, Shift-Dir - straight line, f - orc warrior
Aim: an orc warrior, wielding a trident and wearing a plate armour (severely wounded)
The zap hits the orc warrior.
The orc warrior is almost dead.
The orc warrior misses you.
The orc warrior hits you from afar with a trident!
Casting: Shock
Confirm with . or Enter, or press ? or * to list all spells.
Aiming: Shock
Press: ? - help, Shift-Dir - straight line, f/p - orc warrior
Aim: an orc warrior, wielding a trident and wearing a plate armour (almost dead)
The zap hits the orc warrior.
The orc warrior is almost dead.
The orc warrior hits you from afar with a trident!
* * * LOW HITPOINT WARNING * * *
The orc warrior hits you from afar with a trident.
You die...

############# #...........#
#.#########.# #.#
#.############## #.#
#.##.>.........#
###.#########.##@#########.#
...........>..o..# #.#
###.#########<#### #.# ##.##
##...# #.# #)..# #....## #.#
#.#.# #.....#########.##
##.#.#### #................#
...#....#####.#.##########..#
#######...# #.#.# #..#


You could see an orc warrior.

Vanquished Creatures
  A hound (D:4)
  3 orc wizards
  An orc priest (D:3)
  An iguana (D:4)
  3 adders (D:3)
  An ooze (D:3)
  2 worms (D:2)
  2 dart slugs
  A leopard gecko (D:1)
  8 orcs
  8 bats
  7 giant cockroaches
  3 hobgoblins
  4 jackals (D:4)
  3 quokkas
  A ball python (D:1)
  6 frilled lizards
  10 goblins
  A jackal skeleton (D:4)
  8 kobolds
  5 rats
79 creatures vanquished.

Notes
Turn   | Place    | Note
-------+----------+-------------------------------------------
     0 | D:1      | Inarius the Draconian Air Elementalist began the quest for the Orb.
     0 | D:1      | Reached XP level 1. HP: 14/14 MP: 3/3
   262 | D:1      | Reached XP level 2. HP: 20/20 MP: 1/5
   266 | D:1      | Learned a level 2 spell: Swiftness
   740 | D:1      | Found a glowing golden altar of the Shining One.
   866 | D:2      | Reached XP level 3. HP: 26/26 MP: 4/6
   871 | D:2      | Learned a level 3 spell: Static Discharge
  1399 | D:2      | Found a faded altar of an unknown god.
  1818 | D:3      | Reached XP level 4. HP: 33/33 MP: 2/7
  1819 | D:3      | Reached skill level 1 in Shields
  2075 | D:3      | Noticed Sigmund
  2524 | D:3      | Reached XP level 5. HP: 25/38 MP: 2/8
  2886 | D:3      | Noticed an orc warrior
  2888 | D:3      | Reached skill level 1 in Charms
  3007 | D:4      | Noticed a slave
  3007 | D:4      | Noticed a slave
  3221 | D:4      | Reached XP level 6. HP: 40/45 MP: 7/10
  3264 | D:4      | Found a shadowy altar of Dithmenos.
  3359 | D:4      | Noticed Nattefrost's ghost (amateur DsGl)
  3403 | D:4      | Noticed Pikel
  3781 | D:2      | Slain by an orc warrior

Skill      XL: |  1  2  3  4  5 |
---------------+----------------+-----
Dodging        | 2 |  2.7
Shields        | 1 |  1.8
Conjurations   | 2 3 |  3.3
Charms         | 1 |  1.0
Spellcasting   | 3 |  3.0
Fighting       | |  0.2
Stealth        | |  1.8
Air Magic      | |  3.9

Action                   |  1- 3 |  4- 6 || total
-------------------------+-------+-------++-------
Melee: Unarmed           |     2 |       ||     2
       Tailslap          |     4 |       ||     4
       Dagger            |    18 |    22 ||    40
 Cast: Shock             |    72 |    61 ||   133
       Static Discharge  |       |     6 ||     6
       Swiftness         |       |     6 ||     6
  Eat: Chunk             |     4 |     1 ||     5
       Bread ration      |       |     2 ||     2
Armor: Skin              |     4 |    12 ||    16
Dodge: Dodged            |     8 |    21 ||    29
Block: Other             |     7 |     8 ||    15
       Reflection        |     2 |     1 ||     3
